 Dungeon Crawl Stone Soup version 0.29-a0-1043-g569b05d6ff (webtiles) character file.

Game seed: 4431849948442592689

144 voltaire321 the Insei (level 5, 0/34 HPs)
             Began as an Octopode Transmuter on Aug 16, 2022.
             Slain by an orc priest
             ... wielding a +0 falchion
              (6 damage)
             ... on level 3 of the Dungeon.
             The game lasted 00:08:43 (4211 turns).

voltaire321 the Insei (Octopode Transmuter)         Turns: 4211, Time: 00:08:44

Health: 0/34       AC:  1    Str: 10    XL:     5   Next: 26%
Magic:  8/9        EV: 13    Int: 21    God:
Gold:   1272       SH:  0    Dex: 14    Spells: 5/9 levels left

rFire   . . .      SeeInvis .   c - +0 short sword
rCold   . . .      Faith    .   (no shield)
rNeg    . . .      Spirit   .   (helmet currently unavailable)
rPois   .          Reflect  .   (no amulet)
rElec   .          Harm     .   j - +6 ring of intelligence
rCorr   .          Rampage  .   (no ring)
Will    .....                   (no ring)
Stlth   ++........              (no ring)
HPRegen 0.11/turn               (no ring)
MPRegen 0.11/turn               (no ring)
                                (no ring)
                                (no ring)

@: appendages (expiring)
A: tentacle spike 3, almost no armour, amphibious, 8 rings, camouflage 1,
gelatinous body 1, (nimble swimmer 1), tentacles
a: End Transformation


You were on level 3 of the Dungeon.
One of your tentacles had grown a beastly spike.
You visited 1 branch of the dungeon, and saw 3 of its levels.

You collected 1272 gold pieces.

Inventory:

Hand Weapons
 c - a +0 short sword (weapon)
 h - a +1 whip of holy wrath
Missiles
 i - 2 poisoned darts (quivered)
Jewellery
 j - a +6 ring of intelligence (left tentacle)
Scrolls
 b - a scroll of teleportation
Potions
 a - 2 potions of lignification
 d - a potion of brilliance {unknown}
 e - 2 potions of might {unknown}
 f - 3 potions of heal wounds {unknown}
 g - a potion of cancellation {unknown}
 l - a potion of ambrosia {unknown}
 q - a potion of curing {unknown}


   Skills:
 + Level 2.1 Fighting
 + Level 2.8 Dodging
 + Level 3.6 Unarmed Combat
 + Level 2.7 Spellcasting
 + Level 2.8 Transmutations
 + Level 1.2 Poison Magic


You had 5 spell levels left.
You knew the following spells:

 Your Spells              Type           Power      Damage    Failure   Level
a - Beastly Appendage     Tmut           28%        N/A       4%          1
b - Spider Form           Tmut/Pois      11%        N/A       19%         3

Your spell library contained the following spells:

 Spells                   Type           Power      Damage    Failure   Level
 Wereblood                Tmut           14%        N/A       6%          2
 Ice Form                 Ice/Tmut       8%         N/A       58%         4


Dungeon Overview and Level Annotations

Branches:
Dungeon (3/15)

Altars:
Vehumet
Yredelemnul


Innate Abilities, Weirdness & Mutations

One of your tentacles has grown a beastly spike.
You cannot wear most types of armour.
You are amphibious.
You can wear up to eight rings at the same time.
Your skin changes colour to match your surroundings (Stealth+).
Your rubbery body absorbs attacks. (AC +1, EV +1)
((You are camouflaged when in or above water. (Stealth+)))
You have tentacles for arms and can constrict up to eight enemies at once.


Message History

You throw a poisoned dart.
The poisoned dart barely misses the orc priest.
Throw: 3 darts (poison)
Press: ? - help, Q - select action, (/) - cycle Shift-Dir - straight line, f/p - orc priest
Aim: an orc priest, wielding a +0 falchion and wearing a +0 leather armour (59% to hit)
You throw a poisoned dart. The poisoned dart hits the orc priest.
The orc priest is poisoned.
The orc priest mumbles some strange prayers to Beogh against you.
Pain shoots through your body!
Casting: Beastly Appendage (safe; 4% risk of failure)
Confirm with . or Enter, or press ? or * to list all spells.
One of your tentacles grows a vicious spike.
Your transformation is almost over.
The orc priest hits you but does no damage.
You barely miss the orc priest. Your grab misses the orc priest.
The orc priest is moderately wounded.
The orc priest closely misses you. The orc hits you with a +0 whip.
You closely miss the orc priest. You grab the orc priest.
The orc priest is moderately wounded.
You constrict the orc priest.
The orc priest invokes the aid of Beogh against you.
Beogh smites you! The orc closely misses you.
You hit the orc priest but do no damage.
You squeeze the orc priest, but do no damage.
The orc priest is heavily wounded.
You constrict the orc priest.
The orc priest looks more healthy.
The orc hits you but does no damage.
The orc priest hits you with a +0 falchion. x2
* * * LOW HITPOINT WARNING * * *
The orc hits you with a +0 whip.
* * * LOW HITPOINT WARNING * * *
You hit the orc priest but do no damage.
You squeeze the orc priest, but do no damage.
The orc priest is severely wounded.
You constrict the orc priest. The orc priest misses you.
The orc barely misses you.
You barely miss the orc. You grab the orc. You constrict the orc.
You constrict the orc priest, but do no damage.
The orc priest hits you with a +0 falchion.
You die...

#.####.##.# ####
#......##.# ### #
#.....#.# #.. ..
#.....#.# ###.. ...
#.......# #.... .(..
#.......# #....
##..(####.####.># #....
........................
......o@.)#.............
.......o.<#.............
.......!..#.........##..
..........#.........##..
..........# .... ###
..........# ....
..........# ..........#
##########


You could see an orc priest and an orc.

Vanquished Creatures
  6 adders
  A worm (D:2)
  2 dart slugs
  3 orcs (D:3)
  6 bats
  5 endoplasms
  4 giant cockroaches
  4 goblins
  9 hobgoblins
  8 jackals
  2 quokkas
  11 ball pythons
  4 frilled lizards
  3 kobolds
  6 rats
74 creatures vanquished.

Notes
Turn   | Place    | Note
-------+----------+-------------------------------------------
     0 | D:1      | voltaire321 the Octopode Transmuter began the quest for the
                  | Orb.
     0 | D:1      | Reached XP level 1. HP: 13/13 MP: 3/3
   401 | D:1      | Reached XP level 2. HP: 18/18 MP: 3/5
   889 | D:1      | Reached XP level 3. HP: 23/23 MP: 6/6
  1789 | D:2      | Learned a level 3 spell: Spider Form
  2355 | D:2      | Reached XP level 4. HP: 16/29 MP: 7/7
  2965 | D:2      | Found a faded altar of an unknown god.
  3215 | D:3      | HP: 1/29 [adder (4)]
  3528 | D:3      | Identified a scroll of acquirement
  3528 | D:3      | Acquired 1129 gold pieces
  3561 | D:3      | Found a radiant altar of Vehumet.
  3807 | D:3      | Reached skill level 1 in Poison Magic
  3810 | D:3      | Reached XP level 5. HP: 31/34 MP: 6/8
  4018 | D:3      | Found a basalt altar of Yredelemnul.
  4211 | D:3      | Slain by an orc priest

Illustrated notes

Levels and vault maps discovered:
D:1:      amcnicky_arrival_underground_garden, layout_basic
D:2:      layout_basic, nicolae_ecumenical_snake_handling
D:3:      layout_basic, lemuel_doored_altar, nicolae_overflow_crystal_walls

Skill      XL: |  1  2  3  4 |
---------------+-------------+-----
Fighting       | 2 |  2.1
Poison Magic   | 1 |  1.2
Dodging        | |  2.8
Unarmed Combat | |  3.6
Spellcasting   | |  2.7
Transmutations | |  2.8

Action                   |  1- 3 |  4- 6 || total
-------------------------+-------+-------++-------
Melee: Short sword       |    90 |    61 ||   151
       Constrict         |    32 |    19 ||    51
       Unarmed           |     4 |       ||     4
       Kick              |    15 |    13 ||    28
       Tentacles         |    17 |    12 ||    29
       Punch             |     1 |     1 ||     2
Throw: Dart              |     2 |     7 ||     9
 Cast: Beastly Appendage |    16 |    10 ||    26
  Use: Scroll            |       |     8 ||     8
 Stab: Sleeping          |     5 |     3 ||     8
Armor: Skin              |    10 |    10 ||    20
Dodge: Dodged            |    68 |    54 ||   122

Table legend: (Time is in decaauts)
 A = Elapsed time spent in this place.
 B = Non-inter-level travel time spent in this place.
 C = Inter-level travel time spent in this place.
 D = Time resting spent in this place.
 E = Time spent auto-exploring this place.
 F = Levels seen in this place.
 G = Mean time per level.
                   A        B        C        D        E       F      G
               +--------+--------+--------+--------+--------+-----+--------+
         Total |   4225 |   4117 |    108 |   2164 |   1278 |   3 | 1408.3 |
       Dungeon |   4225 |   4117 |    108 |   2164 |   1278 |   3 | 1408.3 |
               +--------+--------+--------+--------+--------+-----+--------+

Top non-repeatable levels by time:
     D:2: 1870 daAuts
     D:1: 1473 daAuts
     D:3: 880 daAuts
